 Dungeon Crawl Stone Soup version 0.15.0-22-g71df38d (console) character file.

1159 gw the Cudgeler (level 8, -9/73 HPs)
             Began as a Deep Dwarf Gladiator on Sept 8, 2014.
             Was a Believer of Makhleb.
             Mangled by an orc warrior
             ... wielding a +0 dire flail
              (16 damage)
             ... on Level 6 of the Dungeon.
             The game lasted 00:03:01 (4347 turns).

gw the Cudgeler (Deep Dwarf Gladiator)              Turns: 4347, Time: 00:03:01

HP  -9/73        AC 10     Str 20      XL: 8   Next: 16%
MP  15/15        EV  7     Int 10      God: Makhleb [**....]
Gold 0           SH  0     Dex 15      Spells:  0 memorised,  7 levels left

rFire  . . .     SeeInvis .     p - +0 great mace
rCold  . . .     Clarity  .     q - +0 chain mail
rNeg   . . .     rCorr    .     (no shield)
rPois  .         rRot     .     c - +0 helmet
rElec  .         Spirit   .     (no cloak)
SustAb .         Warding  .     (no gloves)
rMut   .         Stasis   .     (no boots)
Gourm  .                        (no amulet)
MR     +....                    (no ring)
                                k - +2 ring of strength

@: non-regenerating, somewhat resistant to hostile enchantments, extremely
unstealthy
A: damage resistance, recharge devices, sense surroundings 1, slow healing 3
a: Device Recharging, Minor Destruction, Renounce Religion


You were on level 6 of the Dungeon.
You worshipped Makhleb.
Makhleb was pleased with you.
You were very hungry.

You visited 1 branch of the dungeon, and saw 6 of its levels.

Inventory:

Hand weapons
 p - a +0 great mace (weapon)
Missiles
 d - 3 throwing nets
 j - 20 bolts
Armour
 c - a +0 helmet (worn)
 q - a +0 chain mail (worn)
Magical devices
 e - a wand of heal wounds (0)
 s - a wand of digging (15)
Comestibles
 a - 2 beef jerkies
 f - 5 bread rations
 i - a meat ration
Scrolls
 b - a scroll of fog {unknown}
 g - a scroll of remove curse
 h - 5 scrolls of identify
 r - a scroll of recharging
Jewellery
 k - a +2 ring of strength (left hand)
Potions
 l - 2 potions of haste
 n - a potion of curing


   Skills:
 + Level 4.3 Fighting
 * Level 6.7 Maces & Flails
 - Level 1.7 Throwing
 + Level 4.6 Armour
 - Level 3.2 Dodging
 + Level 5.3 Invocations


You had 7 spell levels left.
You didn't know any spells.

Dungeon Overview and Level Annotations

Branches:
Dungeon (6/15)
 Temple: D:4-7

Altars:
Makhleb
Nemelex Xobeh
Okawaru
Qazlal
Sif Muna
Vehumet
Xom
The Shining One


Innate Abilities, Weirdness & Mutations

You are resistant to damage.
You can recharge devices by infusing magical energy.
You passively map a small area around you.
You do not heal naturally.


Message History

ATTACK MOVE TO (1,0)
Your chain mail prevents you from hitting the orc wizard.
The orc wizard is lightly wounded.
The orc wizard hits you but does no damage.
The orc warrior barely misses you.
ATTACK MOVE TO (1,0)
You closely miss the orc wizard.
The orc wizard is lightly wounded.
The orc wizard closely misses you. The orc wizard hits you with a dagger.
The orc warrior barely misses you.
The orc wizard hits you but does no damage.
ATTACK MOVE TO (1,0)
Your chain mail prevents you from hitting the orc wizard.
The orc wizard is lightly wounded.
The orc warrior hits you with a dire flail!!
The orc wizard hits you but does no damage.
The orc wizard points at you and mumbles some strange words.
The magic dart hits you!
The orc warrior hits you with a dire flail!!
You die...

, .* * .* * ###. ..
, , ....# .#* , ,,
...# .# # **#..# .#
.#* . * * #..# .# .#
... ,
,#..#######.##.#....
*
#.......go........(
, >,,
#.#.#####o##........
**#$..# #.>.........
##..# ####.!.##### *
#.<# *#.## ,
#########..# *.#
...........<# #
#######$#.## ##.#..#


You could see an orc warrior and an orc wizard.

Table legend:
 A = Turns spent in this place as a percentage of turns spent in the entire game.
 B = Non-inter-level travel turns spent in this place as a percentage of non-inter-level travel turns spent in the entire game.
 C = Inter-level travel turns spent in this place as a percentage of turns spent in this place.
 D = Turns resting spent in this place as a percentage of non-inter-level travel turns spent in this place.
 E = Turns spent auto-exploring this place as a percentage of non-inter-level travel turns spent in this place.
 F = Non-inter-level travel turns spent in this place divided by the number of levels of this place that you've seen.
                   A       B       C       D       E      F
               +-------+-------+-------+-------+-------+----------------------
         Total | 100.0 | 100.0 |   0.4 |   0.0 |  15.3 | 250.2
       Dungeon | 100.0 | 100.0 |   0.4 |   0.0 |  15.3 | 250.2
               +-------+-------+-------+-------+-------+----------------------

Table legend:
 A = Kills in this place as a percentage of kills in entire the game.
 B = Kills by you in this place as a percentage of kills by you in the entire game.
 C = Kills by friends in this place as a percentage of kills by friends in the entire game.
 D = Other kills in this place as a percentage of other kills in the entire game.
 E = Experience gained in this place as a percentage of experience gained in the entire game.
 F = Experience gained in this place divided by the number of levels of this place that you have seen.
                   A       B       C       D       E      F
               +-------+-------+-------+-------+-------+----------------------
         Total | 100.0 | 100.0 |  -nan |  -nan | 100.0 | 276.2
       Dungeon | 100.0 | 100.0 |  -nan |  -nan | 100.0 | 276.2
               +-------+-------+-------+-------+-------+----------------------

Vanquished Creatures
  Pikel (D:4)
  2 slaves (D:4)
  3 ogres
  A scorpion (D:4)
  A crimson imp (D:3)
  3 orc wizards
  3 worker ants
  Natasha (twice) (D:4)
  Ijyb (D:4)
  4 adders
  A worm (D:3)
  A giant gecko (D:2)
  14 orcs
  5 giant cockroaches
  10 goblins
  16 hobgoblins
  A jackal (D:4)
  9 kobolds
  4 ball pythons
  12 bats
  A giant newt (D:5)
  A goblin skeleton (D:4)
  A quokka (D:3)
  9 rats
106 creatures vanquished.

Vanquished Creatures (others)
  A black bear skeleton (D:4)
  Natasha (D:4)
  3 orcs (D:4)
  A jackal (D:4)
  2 kobolds (D:4)
  A quokka (D:4)
  A bat (D:4)
  A giant newt (D:4)
  A hobgoblin skeleton (D:4)
  2 rats (D:4)
14 creatures vanquished.

Grand Total: 120 creatures vanquished

Notes
Turn   | Place    | Note
--------------------------------------------------------------
     0 | D:1      | gw, the Deep Dwarf Gladiator, began the quest for the Orb.
     0 | D:1      | Reached XP level 1. HP: 19/19 MP: 1/1
   204 | D:1      | Reached XP level 2. HP: 16/26 MP: 2/2
   350 | D:1      | Reached skill level 1 in Armour
   858 | D:2      | Reached XP level 3. HP: 29/32 MP: 3/3
  1192 | D:2      | Found a glowing golden altar of the Shining One.
  1231 | D:2      | Reached XP level 4. HP: 24/40 MP: 4/4
  1272 | D:2      | Reached skill level 4 in Maces & Flails
  1281 | D:2      | Found a burning altar of Makhleb.
  1282 | D:2      | Found a radiant altar of Vehumet.
  1288 | D:2      | Became a worshipper of Makhleb the Destroyer
  1954 | D:3      | Reached skill level 1 in Invocations
  2214 | D:3      | Reached XP level 5. HP: 33/48 MP: 4/6
  2234 | D:3      | Acquired Makhleb's first power
  2452 | D:4      | Noticed Ijyb
  2468 | D:4      | Killed Ijyb
  2511 | D:4      | Reached XP level 6. HP: 51/56 MP: 6/8
  2514 | D:4      | Noticed Natasha
  2527 | D:4      | Killed Natasha
  2654 | D:4      | Noticed a slave
  2666 | D:4      | Killed a slave
  2667 | D:4      | Noticed a slave
  2670 | D:4      | Noticed a slave
  2674 | D:4      | Killed a slave
  2698 | D:4      | Noticed Pikel
  2727 | D:4      | Noticed a slave
  2820 | D:4      | Killed Pikel
  2820 | D:4      | Reached skill level 6 in Maces & Flails
  2820 | D:4      | Reached XP level 7. HP: 31/64 MP: 8/12
  2902 | D:4      | Noticed an ogre
  2908 | D:4      | Killed an ogre
  2965 | D:4      | Noticed an ogre
  2974 | D:4      | Killed an ogre
  3029 | D:4      | Killed Natasha
  3078 | D:4      | Noticed Natasha
  3083 | D:4      | Killed Natasha
  3288 | D:4      | Found an iron altar of Okawaru.
  3288 | D:4      | Found a deep blue altar of Sif Muna.
  3289 | D:4      | Found a sparkling altar of Nemelex Xobeh.
  3302 | D:4      | Found a shimmering altar of Xom.
  3591 | D:4      | Reached XP level 8. HP: 43/72 MP: 15/15
  3660 | D:5      | Entered Level 5 of the Dungeon
  3713 | D:5      | Found a stormy altar of Qazlal.
  3910 | D:5      | Acquired Makhleb's second power
  3920 | D:5      | Reached skill level 5 in Invocations
  4347 | D:6      | Mangled by an orc warrior

Action                   |  1- 3 |  4- 6 |  7- 9 || total
-------------------------+-------+-------+-------++-------
Melee: Flail             |   171 |   141 |       ||   312
       Great mace        |       |    68 |    83 ||   151
Invok: Minor Destruction |       |       |    12 ||    12
Evoke: Wand              |     1 |     2 |     9 ||    12
  Use: Scroll            |     3 |     1 |     5 ||     9
       Potion            |     1 |     5 |     2 ||     8
  Eat: Chunk             |     1 |     2 |     5 ||     8
       Bread ration      |       |     1 |       ||     1

Vault maps used:
D:1:      tarquinn_simple_flora_water_e
D:2:      gammafunk_temple_overflow_pools, tso_oasis_becter
D:3:      first_bread
D:4:      xom_confusion_cloud, gammafunk_temple_overflow_claw, uniq_pikel,
          uniq_natasha, uniq_iyjb
D:5:      old_standard_altar
D:6:      serial_shops, shop
